woodfighter, chaotic female orcish Cavewoman --------- --------- ###.....(...## |.......| # |.......| # ------------ ----------- |.......+############ |.......| #####.........*.| |.........| |.......| # # |.......| |.i.........#####%# |....>....| |....`..-%######%#####...<....-## |..........| # |.........| ----|-.-- # #---------# |......E...| ##%.........| ### ### ############i###-i.....@(..| |.........| ## # # -.-+---|---- |.........| ##### ### # # # ### ----------- --+-.- # %## # ### # |..*.| ### # # ### |...%-- # ########### #####% |^..)[.##############################-.--.----+-- |.....| # # #+...%......| |.....+## ###|...%......| ------- #.......%...| |.......%..| ------------ woodfighter the Cave Woman Experience level: 11 Strength: 18/37 Dexterity: 16 Constitution: 18 Intelligence: 8 Wisdom: 8 Charisma: 7 Health: 0(105) Energy: 36(36) Def: 18 Gold: 0 Moves: 12611 Dungeon seed: gJnHLjMBs6Z3r7Kv Game ID: woodfighter_1488479053 Your Inventory: Amulets I - an uncursed amulet of reflection (being worn) Weapons a - a +2 club named Club of Reckoning (weapon in hand) b - a +2 sling (alternate weapon; not wielded) Armor e - an uncursed +0 cloak of magic resistance (being worn) n - a blessed greased +3 orange dragon scale mail (being worn) r - a blessed +1 orcish helm (being worn) v - an uncursed +0 elven shield z - an uncursed +0 elven shield Y - an uncursed +0 pair of speed boots (being worn) Comestibles c - 5 uncursed food rations l - 4 uncursed tripe rations t - an uncursed cream pie B - 2 uncursed tins of spinach O - 3 uncursed fortune cookies P - 2 uncursed carrots Q - 2 uncursed lichen corpses V - an uncursed apple Z - 2 uncursed lizard corpses Rings E - an uncursed ring of free action (on left hand) J - an uncursed ring of searching (on right hand) Wands f - a wand of sleep (0:6) h - a wand of striking (0:3) m - a wand of fire (0:2) L - a wand of sleep (0:4) S - a wand of teleportation (0:4) T - a wand of digging (0:7) Tools k - a +0 pick-axe q - a +0 unicorn horn s - a blessed bag of holding y - an uncursed skeleton key W - an uncursed blindfold Gems M - 4 uncursed flints (in quiver) N - an uncursed luckstone Contents of the bag of holding: 10391 gold pieces an uncursed +0 cloak of invisibility an uncursed lizard corpse 16 [uncursed] lumps of royal jelly 2 uncursed scrolls of confuse monster an uncursed scroll of destroy armor a blessed scroll of enchant armor a cursed scroll of genocide a [uncursed] scroll of gold detection 3 uncursed scrolls of identify a cursed scroll of identify a blessed scroll of light an uncursed scroll of light an uncursed scroll of remove curse a [uncursed] scroll of stinking cloud an uncursed scroll of teleportation an uncursed spellbook of detect treasure an uncursed spellbook of detect unseen an uncursed spellbook of light 2 uncursed potions of blindness a [uncursed] potion of booze a [uncursed] potion of gain level a [blessed] potion of hallucination a [uncursed] potion of invisibility 2 [uncursed] potions of monster detection a potion of unholy water an uncursed ring of shock resistance an uncursed wand of digging [0:4] an uncursed [+0] unicorn horn Spells and supernatural/magical abilities: Name Level Category Fail Memory a - force bolt 1 attack 99% 72% W - pray for help -- divine ? -- Your skills at the end: Miscellaneous Skills bare handed combat [Basic] stealth [Skilled] Weapon Skills scimitar [Basic] club [Expert] sling [Basic] Spellcasting Skills Final Attributes: You were piously aligned. You were cold resistant. You were sleep resistant. You were poison resistant. You were magic-protected. Your writing hand was ok. You were telepathic. You had automatic searching. You had infravision. You were very stealthy. You were protected. You were very fast. You had reflection. You had free action. You were lucky. You had extra luck. Bad luck did not time out for you. Good luck did not time out for you. You are dead. Vanquished creatures: a ghost a queen bee 2 giant mimics a wumpus a baby long worm a long worm 2 couatls an earth elemental 2 black nagas 2 wargs a quantum mechanic a small mimic 2 warhorses 3 trolls a freezing sphere a flaming sphere a tiger a dwarf king a tengu an ochre jelly a crocodile a leocrotta 6 giants an elf mummy a red naga 2 pythons an ettin zombie 2 giant beetles 2 wolves a black light a lynx a panther 21 leprechauns 2 spotted jellies 4 lizards a mountain nymph a mumak 2 giant spiders an iron piercer a horse 2 ice vortices a forest centaur 5 gnome kings 2 dwarf mummies 2 brown puddings 4 Green-elves a yeti 2 piranhas a chickatrice 2 dogs a jaguar 4 dwarf lords a blue jelly a white unicorn a gray unicorn a dust vortex a raven 2 plains centaurs 2 Woodland-elves a snake 8 apes 3 soldier ants a fire ant a yellow light 3 bugbears a quasit a baby crocodile 3 wood nymphs 2 rock piercers a pony 3 shriekers 4 violet fungi 21 gnome lords 5 gnomish wizards a red naga hatchling a black naga hatchling a golden naga hatchling 2 gray oozes a barrow wight an elf zombie 2 ghouls 3 straw golems 2 paper golems a puppy 2 floating eyes 3 kittens 19 dwarves a homunculus 4 kobold lords 6 iguanas 3 hill orcs 3 rothes 4 jitterbugs 2 giant bats 3 monkeys a dwarf zombie a wererat 2 werejackals 42 killer bees 3 coyotes 2 gas spores 8 hobbits 4 acid blobs 5 large kobolds 11 geckos 4 hobgoblins 4 giant rats 3 cave spiders 2 brown molds 4 yellow molds 4 green molds 67 gnomes 5 garter snakes 4 manes 3 gnome zombies 10 jackals 3 foxes 2 kobolds 9 newts 5 goblins 6 sewer rats 12 grid bugs 7 bats 9 lichens 2 kobold zombies 483 creatures vanquished. Voluntary challenges: You did not cause conflict. You did not have reflection until turn 7129. You were not displaced. You had been an atheist until turn 3413. You used a wielded weapon 897 times, starting on turn 48. You did not use plumbed fixtures. You read items or engraved 6 times, starting on turn 1863. You never genocided any monsters. You never polymorphed an object. You never changed form. You completed Sokoban on turn 5106, according to the rules. You used 1 wish, starting on turn 9757. You did not wish for any artifacts. You never split a pudding. You never wrote Elbereth's name. You violated your moral code, losing 2 points of alignment, starting on turn 6490. Dungeon overview: The Dungeons of Doom: levels 1 to 15 Level 1 a fountain a long staircase Level 2 some fountains Level 3 Level 4 a fountain stairs to The Gnomish Mines Level 5 (vault) a sink Level 6 (vault) a fountain Level 7 many fountains Level 8 a fountain stairs to Sokoban Level 9 an altar to Anshar Level 10 Level 11 a sink Level 12 an altar to Ishtar Level 13 (quest) many fountains, a sink portal to The Quest Level 14 <- You were here Level 15 The Gnomish Mines: levels 5 to 13 Level 5 stairs to The Dungeons of Doom Level 6 Level 7 Level 8 many shops, a temple to Anshar, a magic chest, some fountains, a sink Level 9 Level 10 ( ) Level 11 Level 12 Level 13 a magic chest, a fountain The Quest: Level 1 portal to The Dungeons of Doom Sokoban: levels 4 to 7 Level 4 a magic chest Level 5 a delicatessen, a magic chest Level 6 Level 7 an altar to Moloch, a magic chest stairs to The Dungeons of Doom History has recorded: On T:1 you entered the Dungeons of Doom to retrieve the Amulet of Yendor! On T:266 you reached level 3 of The Dungeons of Doom. On T:275 you reached level 4 of The Dungeons of Doom. On T:529 you advanced to experience level 2. On T:830 you reached level 2 of The Dungeons of Doom. On T:1254 you advanced to experience level 3. On T:1441 you reached level 1 of The Gnomish Mines. On T:1790 you reached level 5 of The Dungeons of Doom. On T:1812 you advanced to experience level 4. On T:2383 you reached level 7 of The Dungeons of Doom. On T:2764 you advanced to experience level 5. On T:2854 you reached level 8 of The Dungeons of Doom. On T:3294 you advanced to experience level 6. On T:3407 you reached level 9 of The Dungeons of Doom. On T:3465 you reached level 4 of Sokoban. On T:3562 you opened a magic chest. On T:3983 you reached level 3 of Sokoban. On T:4111 you reached level 2 of Sokoban. On T:4490 you reached level 1 of Sokoban. On T:4500 you advanced to experience level 7. On T:5106 you advanced to experience level 8. On T:5106 you entered the Sokoban zoo. On T:5788 you reached level 2 of The Gnomish Mines. On T:6088 you reached level 3 of The Gnomish Mines. On T:6154 you reached level 4 of The Gnomish Mines. On T:6561 you entered the Minetown temple On T:6624 you advanced to experience level 9. On T:7053 you reached level 5 of The Gnomish Mines. On T:7382 you reached level 7 of The Gnomish Mines. On T:7385 you reached level 8 of The Gnomish Mines. On T:7539 you reached level 6 of The Gnomish Mines. On T:8012 you reached level 9 of The Gnomish Mines. On T:8012 you reached the bottom of the Mines. On T:8696 you advanced to experience level 10. On T:9706 you prayed to Anshar. On T:9757 you wished for "+3 blessed greased fixed orange dragon scale mail". On T:10069 you reached level 10 of The Dungeons of Doom. On T:10278 you reached level 11 of The Dungeons of Doom. On T:10684 you reached level 12 of The Dungeons of Doom. On T:10737 you reached level 13 of The Dungeons of Doom. On T:11386 you reached level 1 of The Quest. On T:11633 you reached level 14 of The Dungeons of Doom. On T:12159 you reached level 15 of The Dungeons of Doom. On T:12414 you advanced to experience level 11. Score breakdown: Gold: 10391 ( 1039 points) Experience: 11 levels ( 1000 points) Exploration: 15 levels ( 420 points) Discoveries: 73 items ( 2000 points) Variety of kills: 125 monsters ( 2000 points) Major goal: Sokoban/Mines ( 1500 points) Survival: died (score multiplied by 3) Total score: 23877 Latest messages: You put 239 gold pieces into the bag of holding. Use the 'moveonly' command to move into a remembered wall. You hit the snake. The snake misses. You kill the snake! Something just misses! You hit something. You are suddenly very hot! Something lashes you! You're on fire! Never mind. You take off your blindfold. You can see! The fire elemental lashes you! You're on fire! You hit the fire elemental! The fire elemental lashes you! You hit the fire elemental! (2x) You are suddenly very hot! The fire elemental lashes you! You hit the fire elemental! You are suddenly very hot! The fire elemental lashes you! You're on fire! You die... Final status: Goodbye woodfighter the Cavewoman, killed by a fire elemental... You died in The Dungeons of Doom on dungeon level 14 with 23877 points, and 10391 pieces of gold, after 12611 moves. You were level 11 with a maximum of 105 hit points when you died.